 Dungeon Crawl Stone Soup version 0.18.1-48-g4cf74bf (console) character file.

253 lauthentik the Sneak (level 5, -6/35 HPs)
             Began as a Vampire Enchanter on June 24, 2016.
             Killed by divine providence
             ... invoked by an orc priest
              (13 damage)
             ... on level 3 of the Dungeon.
             The game lasted 00:11:16 (3070 turns).

lauthentik the Sneak (Vampire Enchanter)            Turns: 3070, Time: 00:11:17

Health: -6/35      AC:  3    Str:  7    XL:     5   Next: 90%
Magic:  1/9        EV: 13    Int: 18    God:
Gold:   88         SH:  0    Dex: 15    Spells: 3 memorised, 3 levels left

rFire  . . .     SeeInvis +     a - +1 dagger
rCold  + . .     Gourm    .     b - +1 robe
rNeg   + + .     Faith    .     (no shield)
rPois  +         Spirit   .     (no helmet)
rElec  .         Dismiss  .     (no cloak)
rCorr  .         Reflect  .     (no gloves)
SustAt .         Harm     .     (no boots)
MR     .....                    (no amulet)
Stlth  ++++......               (no ring)
                                (no ring)

@: regenerating slowly, not resistant to hostile enchantments, stealthy
A: fangs 3, see invisible, unbreathing
a: Bat Form


You were on level 3 of the Dungeon.
You were very thirsty.

You visited 1 branch of the dungeon, and saw 3 of its levels.

You collected 88 gold pieces.

Inventory:

Hand Weapons
 a - a +1 dagger (weapon)
 l - a +0 short sword
 p - a +0 dagger
 q - a +0 dagger
 r - a +0 dagger
 s - a +0 short sword
 w - a +0 dagger
 x - a +0 dagger
 y - a +0 dagger
 z - a +0 dagger
 A - a +0 short sword
Missiles
 f - 2 needles of paralysis
Armour
 b - a +1 robe (worn)
 i - a +0 robe
 k - a +0 robe
 t - a +0 robe
Scrolls
 e - 2 scrolls of remove curse {unknown}
 g - a scroll of enchant weapon {unknown}
 h - 3 scrolls of magic mapping {unknown}
 m - 4 scrolls of teleportation {unknown}
 n - a scroll of identify {unknown}
 o - a scroll of random uselessness {unknown}
 v - a scroll of immolation {unknown}
Potions
 d - a potion of blood
 j - a potion of lignification {unknown}
 u - a potion of agility {unknown}
 B - a potion of ambrosia {unknown}
 C - a potion of heal wounds {unknown}
Books
 c - a book of Maledictions

   Spells                             Type                      Level
   a - Corona                         Hexes                        1
   b - Ensorcelled Hibernation        Hexes/Ice                    2
   c - Confuse                        Hexes                        3
   d - Tukima's Dance                 Hexes                        3
   e - Dazzling Spray                 Conjuration/Hexes            3


   Skills:
 + Level 0.1 Fighting
 + Level 1.4 Short Blades
 + Level 3.4 Dodging
 + Level 7.1 Stealth
 + Level 2.9 Spellcasting
 + Level 5.7 Hexes
 + Level 1.3 Ice Magic


You had 3 spell levels left.
You knew the following spells:

 Your Spells              Type           Power        Failure   Level  Hunger
a - Ensorcelled Hibernat  Hex/Ice        ###...       8%          2    ##.....
b - Corona                Hex            ###....      1%          1    None
c - Confuse               Hex            ###.....     6%          3    ###....


Dungeon Overview and Level Annotations

Branches:
Dungeon (3/15)

Altars:
Qazlal


Innate Abilities, Weirdness & Mutations

You heal slowly.
You have razor-sharp teeth.
You have supernaturally acute eyesight.
You can survive without breathing.


Message History

The orc priest barely misses you.
You hit the orc priest but do no damage.
The orc barely misses you.
You hit the orc priest.
The orc priest is moderately wounded.
The orc priest mumbles some strange prayers to Beogh against you.
You struggle to resist.
The orc hits you with a falchion.
You hit the orc priest. Your bite misses the orc priest.
The orc priest is heavily wounded.
The orc priest hits you with a flail.
* * * LOW HITPOINT WARNING * * *
The orc misses you.
You hit the orc priest.
The orc priest is severely wounded.
The orc priest closely misses you. The orc barely misses you.
The jackal completely misses you. x2
The orc priest calls down the wrath of Beogh upon you.
Beogh smites you!
You die...

# #§...§#.......#
####.....#.#######
#...._....#
#.#.....#.#######
...#§...§#..%....#
...###.###.###.#.#######
# ###.....## #..%.......
.....).....# #..........
..####.###.# #..@.......
.... #.# #.oh.......
#.##.. #.# #...o...... #
#.. #.# #..........
.####+#.###.#o#######
..........†.o.#
.......†###o###
.............#
#####.$......#


You could see an orc priest, an orc wizard (invisible), 3 orcs and a jackal.

Vanquished Creatures
  Ijyb (D:2)
  Natasha (thrice) (D:2)
  4 adders (D:2)
  3 gnolls (D:2)
  An ooze (D:1)
  6 worms
  3 dart slugs
  2 giant geckos
  9 bats
  A giant cockroach (D:1)
  5 goblins
  4 hobgoblins
  8 jackals
  2 giant newts (D:1)
  9 kobolds
  7 rats
68 creatures vanquished.

Notes
Turn   | Place    | Note
--------------------------------------------------------------
     0 | D:1      | lauthentik the Vampire Enchanter began the quest for the Orb.
     0 | D:1      | Reached XP level 1. HP: 13/13 MP: 3/3
   158 | D:1      | Reached XP level 2. HP: 12/19 MP: 5/5
   166 | D:1      | Learned a level 2 spell: Ensorcelled Hibernation
   244 | D:1      | Reached skill level 5 in Hexes
   520 | D:1      | Reached XP level 3. HP: 23/24 MP: 2/6
   812 | D:2      | Reached skill level 5 in Stealth
   928 | D:2      | Reached XP level 4. HP: 30/30 MP: 7/7
  1459 | D:2      | Noticed Natasha
  1461 | D:2      | Killed Natasha
  1585 | D:2      | Reached skill level 6 in Stealth
  1585 | D:2      | Reached skill level 1 in Ice Magic
  1865 | D:2      | Noticed Ijyb
  1877 | D:2      | Killed Ijyb
  1877 | D:2      | Reached XP level 5. HP: 34/35 MP: 3/9
  1886 | D:2      | Learned a level 3 spell: Confuse
  2070 | D:2      | Noticed Natasha
  2076 | D:2      | Killed Natasha
  2527 | D:2      | Noticed Natasha
  2529 | D:2      | Killed Natasha
  2619 | D:3      | Reached skill level 7 in Stealth
  2907 | D:3      | Found a stormy altar of Qazlal.
  3070 | D:3      | Killed from afar by an orc priest

Skill      XL: |  1  2  3  4  5 |
---------------+----------------+-----
Hexes          | 5 |  5.7
Stealth        | 5 6 7 |  7.1
Dodging        | 3 |  3.4
Ice Magic      | 1 |  1.3
Fighting       | |  0.1
Short Blades   | |  1.4
Spellcasting   | |  2.9

Action                   |  1- 3 |  4- 6 || total
-------------------------+-------+-------++-------
Melee: Dagger            |    96 |    85 ||   181
       Bite              |     2 |     2 ||     4
 Cast: Corona            |     2 |     3 ||     5
       Ensorcelled Hiber |    15 |    36 ||    51
       Confuse           |       |     1 ||     1
  Use: Potion            |       |     1 ||     1
 Stab: Sleeping          |    19 |    30 ||    49
       Distracted        |       |     2 ||     2
Armor: Robe              |    31 |     7 ||    38
Dodge: Dodged            |    70 |    59 ||   129
